 Dungeon Crawl Stone Soup version 0.25-a0-424-g80bd347ae0 (webtiles) character file.

Game seed: 5619131440300855150, levelgen mode: deterministic

610 ChaosChampion the Sneak (level 7, -1/45 HPs)
             Began as an Octopode Transmuter on Jan 22, 2020.
             Slain by an orc
             ... wielding a +0 dagger
              (5 damage)
             ... on level 4 of the Dungeon on Jan 23, 2020.
             The game lasted 00:11:02 (3251 turns).

ChaosChampion the Sneak (Octopode Transmuter)       Turns: 3251, Time: 00:11:03

Health: -1/45      AC:  2    Str:  9    XL:     7   Next: 43%
Magic:  9/11       EV: 21    Int: 18    God:
Gold:   229        SH:  0    Dex: 17    Spells: 6/12 levels left

rFire    . . .     SeeInvis .     - Unarmed
rCold    . . .     Gourm    .   (shield currently unavailable)
rNeg     . . .     Faith    .   (helmet currently unavailable)
rPois    x         Spirit   .   (no amulet)
rElec    .         Reflect  .   (no ring)
rCorr    .         Harm     .   (no ring)
MR       .....                  (no ring)
Stlth    +++.......             (no ring)
HPRegen  0.15/turn              (no ring)
MPRegen  0.12/turn              (no ring)
                                (no ring)
                                (no ring)

@: spider-form
A: tiny, almost no armour, stealthy swim, (amphibious), 8 rings, (constrict 8)
a: End Transformation


You were on level 4 of the Dungeon.
You were not hungry.
You were a venomous arachnid creature.
You visited 1 branch of the dungeon, and saw 4 of its levels.

You collected 229 gold pieces.

Inventory:

Hand Weapons
 e - a +0 dagger
Missiles
 a - 42 arrows
 l - 15 poisoned darts (quivered)
 p - 4 javelins
Armour
 t - a cursed +0 buckler
Magical Staves
 r - an uncursed staff of summoning {unknown}
Wands
 d - a wand of digging (4)
 j - a wand of flame (17)
Scrolls
 m - 2 scrolls of amnesia
 o - 2 scrolls of random uselessness
 q - 3 scrolls of identify {unknown}
 s - 3 scrolls of fog {unknown}
 u - a scroll of teleportation {unknown}
 v - a scroll of enchant armour {unknown}
Potions
 b - 3 potions of heal wounds {unknown}
 f - a potion of lignification {unknown}
 g - 2 potions of curing {unknown}
 h - a potion of resistance {unknown}
 i - a potion of degeneration {unknown}
 k - a potion of mutation {unknown}
 n - a potion of ambrosia {unknown}
Comestibles
 c - 10 rations


   Skills:
 + Level 2.6 Fighting
 + Level 3.2 Dodging
 * Level 4.9 Stealth
 * Level 4.6 Unarmed Combat
 + Level 3.0 Spellcasting
 * Level 4.0 Transmutations


You had 6 spell levels left.
You knew the following spells:

 Your Spells              Type           Power        Failure   Level  Hunger
a - Beastly Appendage     Tmut           ###...       11%         1    None
b - Sticks to Snakes      Tmut           ###.....     14%         2    ##.....
c - Spider Form           Tmut/Pois      ##........   43%         3    ###....

Your spell library contained the following spells:

 Spells                   Type           Power        Failure   Level  Hunger
 Ice Form                 Ice/Tmut       ##......     77%         4    ####...
 Blade Hands              Tmut           ###.......   82%         5    ######.


Dungeon Overview and Level Annotations

Branches:
Dungeon (4/15)
 Temple: D:4-7

Altars:
Nemelex Xobeh
Trog
Xom
Yredelemnul


Innate Abilities, Weirdness & Mutations

You cannot wear most types of armour.
You are very stealthy in the water. (Stealth+)
((You are amphibious.))
You can wear up to eight rings at the same time.
((You can use your tentacles to constrict eight enemies at once.))
((Your skin changes colour to match your surroundings (Stealth+).))
((Your rubbery body absorbs attacks. (AC +1, EV +1)))


Message History

The orc is lightly wounded.
You hit the orc.
You kill the orc!
The orc priest mumbles some strange prayers to Beogh against you.
Beogh smites you!
You are too injured to fight recklessly!
You are too injured to fight recklessly!
You are too injured to fight recklessly!
The orc completely misses you.
The orc priest mumbles some strange prayers to Beogh against you.
Beogh smites you!
* * * LOW HITPOINT WARNING * * *
Found a stone staircase leading down.
Things that are here:
an uncursed ring of protection from cold a scroll of remove curse You hit the orc priest.
The orc priest is poisoned.
The orc priest is lightly wounded.
The orc hits you with a +0 dagger.
You die...

.. ..... ..... ... .....
#.# ...#
#############.####...##.
.........#..............
.........'..............
.........#.......o......
.........#.....)sol.....
#..###'####.######...##.
#..###..###.# ..#
.........#..# ...
.........#..# >..
.........#..# ..
##'####'##### .
#..###..######.
...............


You could see an orc priest, an orc and a leopard gecko.

Vanquished Creatures
  Sigmund (D:3)
  A howler monkey (D:4)
  A centaur zombie (D:4)
  2 orc priests
  A hound (D:4)
  An iguana (D:4)
  Jessica (D:2)
  2 orc wizards (D:3)
  2 worker ants (D:4)
  A hound skeleton (D:4)
  3 gnolls (D:2)
  5 adders
  An ooze (D:4)
  An adder skeleton (D:4)
  2 worms
  A dart slug (D:1)
  2 leopard geckos
  13 orcs
  A giant cockroach (D:2)
  6 goblins
  5 hobgoblins
  3 jackals
  6 kobolds
  4 ball pythons
  13 bats
  3 frilled lizards
  5 rats
  A spectral orc (D:4)
88 creatures vanquished.

Vanquished Creatures (collateral kills)
  An orc (D:4)
1 creature vanquished.

Grand Total: 89 creatures vanquished

Notes
Turn   | Place    | Note
-------+----------+-------------------------------------------
     0 | D:1      | ChaosChampion the Octopode Transmuter began the quest for
                  | the Orb.
     0 | D:1      | Reached XP level 1. HP: 13/13 MP: 3/3
   577 | D:1      | Reached XP level 2. HP: 15/18 MP: 5/5
   593 | D:1      | Reached skill level 1 in Stealth
  1122 | D:2      | Reached XP level 3. HP: 15/23 MP: 4/6
  1242 | D:2      | Learned a level 2 spell: Sticks to Snakes
  1246 | D:2      | Learned a level 3 spell: Spider Form
  1343 | D:2      | Found a sparkling altar of Nemelex Xobeh.
  1343 | D:2      | Noticed Jessica
  1354 | D:2      | Killed Jessica
  1354 | D:2      | Reached XP level 4. HP: 19/28 MP: 1/7
  1685 | D:2      | Reached XP level 5. HP: 29/34 MP: 3/8
  1895 | D:3      | Found a shimmering altar of Xom.
  2305 | D:3      | Noticed Sigmund
  2324 | D:3      | Killed Sigmund
  2324 | D:3      | Reached XP level 6. HP: 37/39 MP: 1/10
  2325 | D:3      | Found a bloodstained altar of Trog.
  2623 | D:4      | Reached XP level 7. HP: 12/45 MP: 11/11
  2973 | D:4      | Found a basalt altar of Yredelemnul.
  3251 | D:4      | Slain by an orc

Levels and vault maps discovered:
D:1:      lightli_arrival_chessboard, layout_loops_ring, hangedman_glass_garden
D:2:      layout_basic, serial_rivers, chequers_serial_rivers_room_b,
          chequers_serial_rivers_marsh, chequers_serial_rivers_micro_c,
          chequers_serial_rivers_marsh, chequers_serial_rivers_room_a,
          nemelex_lonely_heart_becter, uniq_jessica
D:3:      minmay_spotlight, layout_loops_cross, lemuel_crystal_altar,
          xom_teletrap_fun, uniq_sigmund
D:4:      layout_gridville, yredelemnul_forgotten_temple_becter, first_ration,
          kennysheep_another_room, minmay_misc_feat_ornament

Skill      XL: |  1  2  3  4  5  6  7 |
---------------+----------------------+-----
Stealth        | 1 2 3 4 |  4.9
Transmutations | 3 4 |  4.0
Fighting       | 2 |  2.6
Unarmed Combat | 4 |  4.6
Dodging        | 3 |  3.2
Spellcasting   | 3 |  3.0

Action                   |  1- 3 |  4- 6 |  7- 9 || total
-------------------------+-------+-------+-------++-------
Melee: Unarmed           |    88 |   109 |    51 ||   248
       Constrict         |    22 |    17 |     3 ||    42
       Tentacles         |     7 |    12 |     1 ||    20
       Kick              |     3 |     2 |       ||     5
       Punch             |       |     3 |       ||     3
Throw: Dart              |       |     1 |       ||     1
 Cast: Beastly Appendage |     4 |     2 |     1 ||     7
       Sticks to Snakes  |     2 |     6 |     2 ||    10
       Spider Form       |     1 |     5 |     9 ||    15
  Use: Scroll            |       |     4 |       ||     4
 Stab: Sleeping          |     6 |    10 |       ||    16
       Distracted        |       |     1 |       ||     1
  Eat: Chunk             |     2 |     4 |     1 ||     7
       Ration            |       |       |     1 ||     1
Armor: Skin              |    15 |     5 |       ||    20
Dodge: Dodged            |    60 |    82 |    33 ||   175

Table legend:
 A = Non-vault XP
 B = Vault XP
 C = Vault XP percentage of total XP
 D = Non-vault monster count
 E = Vault monster count
 F = Vault count percentage of total count
                 A         B        C        D         E       F
            +---------+---------+-------+---------+---------+-------
      Total |     651 |     221 |  25.3 |      81 |       8 |   9.0
            +---------+---------+-------+---------+---------+-------
        D:1 |      21 |       0 |   0.0 |      15 |       0 |   0.0
        D:2 |     112 |      35 |  23.8 |      22 |       1 |   4.3
        D:3 |     187 |     185 |  49.7 |      27 |       6 |  18.2
        D:4 |     331 |       1 |   0.3 |      17 |       1 |   5.6
            +---------+---------+-------+---------+---------+-------
